 Dungeon Crawl Stone Soup version 0.32-a0-699-g1ee5eff69a (webtiles) character file.

Game seed: 7627584399904125284

62 Aldia the Sneak (level 4, -5/23 HPs)
             Began as a Vine Stalker Brigand on Mar 13, 2024.
             Slain by an iguana (9 damage)
             ... on level 3 of the Dungeon.
             The game lasted 00:01:48 (1178 turns).

Aldia the Sneak (Vine Stalker Brigand)              Turns: 1178, Time: 00:01:48

Health: -5/23      AC:  3    Str: 14    XL:     4   Next: 8%
Magic:  0/5        EV: 11    Int: 11    God:
Gold:   131        SH:  0    Dex: 17    Spells: 3/3 levels left

rFire   . . .        a - +2 dagger
rCold   . . .        (no shield)
rNeg    . . .        b - +0 robe
rPois   .            (no helmet)
rElec   .            c - +0 cloak
rCorr   .            (no gloves)
SInv    .            (no boots)
Will    .....        (no amulet)
Stlth   +++          (no ring)
HPRegen 1.03/turn    (no ring)
MPRegen 0.09/turn

%: guardian spirit
@: no status effects
A: fangs 2, regeneration 1, magic shield, antimagic bite, no potion heal 2
a: no special abilities


You were on level 3 of the Dungeon.
You visited 1 branch of the dungeon, and saw 3 of its levels.

You collected 131 gold pieces.

Inventory:

Hand Weapons
 a - a +2 dagger (weapon)
Missiles
 d - 14 poisoned darts (quivered)
 e - 3 curare-tipped darts
Armour
 b - a +0 robe (worn)
 c - a +0 cloak (worn)
 n - the +0 kite shield of the Realm of Zot {rPois Dex+3}
   (You found it on level 3 of the Dungeon)

   Dex+3:     It affects your dexterity (+3).
   rPois:     It protects you from poison.
Jewellery
 g - an amulet of reflection
Scrolls
 f - a scroll of amnesia {unknown}
 h - a scroll of identify {unknown}
 i - a scroll of revelation {unknown}
 k - a scroll of vulnerability {unknown}
 o - a scroll of immolation {unknown}
Potions
 j - 2 potions of curing {unknown}
 l - 2 potions of heal wounds {unknown}
 m - a potion of mutation {unknown}


   Skills:
 + Level 2.3 Fighting
 * Level 3.0 Short Blades
 - Level 1.7 Throwing
 + Level 1.5 Dodging
 - Level 5.0 Stealth


You had 3 spell levels left.
You didn't know any spells.
Your spell library was empty.

Dungeon Overview and Level Annotations

Branches:
Dungeon (3/15)

Altars:
Vehumet


Innate Abilities, Weirdness & Mutations

You have extremely sharp teeth.
Your natural rate of healing is unusually fast.
When hurt, damage is shared between your health and your magic reserves.
Your bite disrupts and absorbs the magic of your enemies.
Potions cannot restore your health.


Message History

Things that are here:
a +0 short sword; a stone; a kobold corpse
Found a stone staircase leading down.
You see here the +0 kite shield of the Realm of Zot {rPois Dex+3}.
n - the +0 kite shield of the Realm of Zot {rPois Dex+3} You now have 109 gold pieces (gained 11).
You now have 122 gold pieces (gained 13).
You now have 131 gold pieces (gained 9).
o - a scroll labelled VAIGOE YVEE A goblin and an iguana come into view.
The goblin shouts!
A hobgoblin comes into view.
There are monsters nearby!
You closely miss the goblin. The goblin barely misses you.
The hobgoblin shouts!
The iguana hisses angrily.
You hit the goblin.
You kill the goblin!
You hear a loud squeak.
The iguana completely misses you. The hobgoblin barely misses you.
You hit the iguana but do no damage. You bite the iguana, but do no damage.
The iguana misses you. The hobgoblin hits you.
You hit the iguana but do no damage. The iguana bites you!
The hobgoblin barely misses you.
You barely miss the iguana. The iguana bites you.
The hobgoblin barely misses you.
You hit the iguana but do no damage. You bite the iguana, but do no damage.
The iguana bites you! The hobgoblin closely misses you.
You are too injured to fight recklessly!
Throw: 15 darts (poison)
Press: ? - help, Q - select action, (/) - cycle Shift-Dir - straight line, f - iguana
Aim: an iguana (61% to hit)
You throw a poisoned dart.
The poisoned dart closely misses the iguana.
The iguana bites you!
* * * LOW HITPOINT WARNING * * *
The hobgoblin misses you.
A rat comes into view.
Unknown command.
The iguana attacks as it pursues you! The iguana bites you!
You die...

####..##.........#
#####............###
#.......##.##......###
#.##.^...............####
##....##.##...##.#....#
##.#...................#.#
.........................#
###.............#######..#
................@.......##
..#.##........gl.########
.##. #...........# #
#.........).#
....r..(....#
##.###.#..##... #.
#.##....#.# ## #.#..# #..
.#


You could see an iguana, a hobgoblin and a rat (wandering).

Vanquished Creatures
  A gnoll (D:1)
  2 dart slugs
  3 bats
  4 endoplasms
  3 giant cockroaches
  5 goblins
  4 hobgoblins
  3 jackals (D:1)
  A quokka (D:1)
  7 ball pythons
  2 frilled lizards (D:1)
  6 kobolds
  A rat (D:1)
42 creatures vanquished.

Notes
Turn   | Place    | Note
-------+----------+-------------------------------------------
     0 | D:1      | Aldia the Vine Stalker Brigand began the quest for the Orb.
     0 | D:1      | Reached XP level 1. HP: 11/11 MP: 2/2
    64 | D:1      | Reached skill level 1 in Dodging
    64 | D:1      | Reached skill level 5 in Stealth
    64 | D:1      | Reached XP level 2. HP: 5/15 MP: 0/3
   253 | D:1      | Reached XP level 3. HP: 18/18 MP: 4/4
   423 | D:1      | Found a faded altar of an unknown god.
   808 | D:2      | Reached XP level 4. HP: 23/23 MP: 5/5
  1016 | D:2      | Found a radiant altar of Vehumet.
  1122 | D:3      | Identified the +0 kite shield of the Realm of Zot {rPois
                  | Dex+3}
  1178 | D:3      | Slain by an iguana

Illustrated notes

Levels and vault maps discovered:
D:1:      lemuel_arrival_rhombus, layout_basic,
          hellmonk_ecumenical_altar_heavens_door, minmay_distorted
D:2:      layout_basic, basic_altar, dreamdust_mushroom_princess
D:3:      layout_rooms, lightli_corner_chamber

Skill      XL: |  1  2  3  4 |
---------------+-------------+-----
Short Blades   | 2 3 |  3.0
Fighting       | 2 |  2.3
Dodging        | 1 |  1.5
Stealth        | 5 |  5.0
Throwing       | |  1.7

Action                     |  1- 3 |  4- 6 || total
---------------------------+-------+-------++-------
  Melee: Dagger            |   103 |     9 ||   112
         Bite              |    19 |     2 ||    21
  Throw: Dart              |       |     1 ||     1
   Stab: Sleeping          |     5 |     3 ||     8
 Armour: Robe              |    50 |     6 ||    56
  Dodge: Dodged            |    52 |     8 ||    60

Table legend: (Time is in decaauts)
 A = Elapsed time spent in this place.
 B = Non-inter-level travel time spent in this place.
 C = Inter-level travel time spent in this place.
 D = Time resting spent in this place.
 E = Time spent auto-exploring this place.
 F = Levels seen in this place.
 G = Mean time per level.
                   A        B        C        D        E       F      G
               +--------+--------+--------+--------+--------+-----+--------+
         Total |   1163 |   1153 |     10 |      0 |    861 |   3 |  387.7 |
       Dungeon |   1163 |   1153 |     10 |      0 |    861 |   3 |  387.7 |
               +--------+--------+--------+--------+--------+-----+--------+

Top non-repeatable levels by time:
     D:1: 649 daAuts
     D:2: 451 daAuts
     D:3: 63 daAuts
